Blackhawks vs Devils

Created - April 14, 2024 at 19:43

Goals
1 2 3 T
Blackhawks 0 1 1 2
Devils 3 0 0 3
Shots
1 2 3 T
Blackhawks 8 14 4 26
Devils 13 11 5 29

1st period

1. Devils , Tyler Ennis 53 (Nazem Kadri 64, Anton Lander 15) at 5:24
2. Devils , Nick Palmieri 24 (Nazem Kadri 65, Tyler Ennis 60) at 5:36
3. Devils , Brayden Point 13 (Ondrej Kase 22, Damon Severson 7) at 6:40

Penalties :
No Penalty

2nd period

4. Blackhawks , Derek Stepan 28 (Jakob Chychrun 24, Adrian Kempe 17) at 7:11 (PP)

Penalties :
Nail Yakupov (N.J) for Hooking (Minor) at 6:12, Jakob Chychrun (Chi) for Holding (Minor) at 9:41

3rd period

5. Blackhawks , Adrian Kempe 17 (Derek Stepan 24, Jakob Silfverberg 37) at 7:30 (PP)

Penalties :
Antoine Roussel (Chi) for Holding (Minor) at 4:23, Eric Tangradi (N.J) for Hooking (Minor) at 7:26, Nick Palmieri (N.J) for Holding (Minor) at 7:38

Goalie Stats

Joe Cannata (Chi), 26 saves from 29 shots - (0.897), L, 3-8-1, 59:35 minutes
Thomas McCollum (N.J), 24 saves from 26 shots - (0.923), W, 9-5-1, 60:00 minutes

Players Stats for Blackhawks

Player Name              G  A  P  +/- PIM S  H  SB GA TA FO     MP     PP MP  PK MP  
------------------------------------------------------------------------------------
Adrian Kempe             1  1  2  -2  0   5  3  0  0  0  1/3    21:19   1:35   1:17 
Antoine Roussel          0  0  0  -1  2   3  3  1  0  0  1/1    18:28   1:27   0:47 
Brett Maclean            0  0  0   0  0   1  1  0  0  0  0/0     8:56   0:00   0:10 
Corey Perry              0  0  0   0  0   2  1  0  0  0  0/0    13:05   1:27   0:00 
Derek Stepan             1  1  2  -2  0   6  1  2  1  1  8/17   21:50   1:35   0:29 
Erik Haula               0  0  0  -1  0   0  3  1  0  0  10/18  18:12   1:27   2:09 
Jakob Chychrun           0  1  1  -1  2   0  2  0  1  0  0/0    17:31   1:16   0:00 
Jakob Silfverberg        0  1  1  -1  0   1  2  0  1  0  1/1    16:15   1:35   0:00 
James Wright             0  0  0   0  0   0  1  0  0  0  0/0     8:14   0:00   0:00 
Mike Amadio              0  0  0  -2  0   0  1  0  0  0  0/1    19:12   0:00   2:09 
Nick Bonino              0  0  0   0  0   2  0  0  0  0  0/0     7:56   0:00   0:00 
Nikita Zaitsev           0  0  0   0  0   0  0  1  1  1  0/0    18:40   0:00   2:22 
PK Subban                0  0  0  -2  0   0  3  0  0  0  0/0    23:51   1:46   2:22 
Radko Gudas              0  0  0  -1  0   0  1  1  0  1  0/0    22:13   1:16   1:36 
Robert Hagg              0  0  0   0  0   0  0  0  0  0  0/0    16:06   0:00   1:36 
Sean Bergenheim          0  0  0   0  0   1  1  0  0  0  0/1    10:04   0:00   0:00 
Thomas Chabot            0  0  0  -2  0   3  1  0  2  1  0/0    22:51   1:46   0:00 
William Karlsson         0  0  0   0  0   2  2  0  0  0  5/9    11:17   0:00   0:55 

Players Stats for Devils

Player Name              G  A  P  +/- PIM S  H  SB GA TA FO     MP     PP MP  PK MP  
------------------------------------------------------------------------------------
Anton Lander             0  1  1   0  0   1  1  0  0  0  3/4    11:37   0:00   2:11 
Anton Stralman           0  0  0   0  0   4  1  0  0  1  0/0    20:41   0:00   2:00 
Brandon Carlo            0  0  0   2  0   0  1  1  0  1  0/0    19:19   0:00   2:00 
Brayden Point            1  0  1   1  0   4  3  0  0  0  4/7    13:56   2:07   0:20 
Damon Severson           0  1  1   2  0   0  2  1  1  1  0/0    20:03   2:17   0:00 
Eric Tangradi            0  0  0   0  2   1  0  1  0  0  0/2    11:32   0:00   2:07 
Jonathan Huberdeau       0  0  0   0  0   1  1  0  0  0  0/0    16:10   1:51   0:20 
Kristopher Letang        0  0  0   0  0   0  3  0  0  0  0/0    22:49   2:17   0:00 
Logan Shaw               0  0  0   0  0   3  1  0  0  0  1/1    13:53   0:00   0:00 
Matt Donovan             0  0  0   1  0   1  1  1  0  0  0/0    18:34   1:41   1:02 
Nail Yakupov             0  0  0   0  2   0  1  0  0  0  0/0     9:25   0:00   0:00 
Nazem Kadri              0  2  2   2  0   2  2  0  0  0  8/18   20:46   2:07   0:31 
Nick Palmieri            1  0  1   2  2   4  4  0  0  1  0/1    18:09   0:00   0:04 
Ondrej Kase              0  1  1   1  0   1  2  0  0  1  0/0    13:24   1:51   0:00 
Sean Monahan             0  0  0   0  0   2  1  0  1  0  8/16   15:50   1:51   0:00 
Sven Baertschi           0  0  0   1  0   0  3  0  0  0  1/1    11:27   0:00   0:00 
Thomas Hickey            0  0  0   1  0   1  1  1  0  0  0/0    18:34   1:41   1:02 
Tyler Ennis              1  1  2   2  0   4  2  1  2  1  0/1    20:46   2:07   0:31 

3 Stars

1 - Tyler Ennis (N.J)
2 - Nazem Kadri (N.J)
3 - Brayden Point (N.J)

Power Play

Blackhawks - 2 on 3 Attempt(s) - 66.67%
Devils - 0 on 2 Attempt(s) - 0.00%

Penalty Kill

Blackhawks - 2 on 2 Attempt(s) - 100.00% - Score 0 goal in Penalty Kill
Devils - 1 on 3 Attempt(s) - 33.33% - Score 0 goal in Penalty Kill

Team Stat

Blackhawks - Hits : 26 - Faceoff Wins : 26 - Blocked Shots : 6 - Penalty Minutes : 4
Devils - Hits : 30 - Faceoff Wins : 25 - Blocked Shots : 6 - Penalty Minutes : 6

Official

Referees : TJ Luxmore and Furman South
Linesman : James Tobias and Shandor Alphonso

Game Notes

No Game Note

Finance

Level 1 -- Attendance: 6000 (100.00%) -- Ticket Income $600,000
Level 2 -- Attendance: 4910 (98.20%) -- Ticket Income $294,600
Level 3 -- Attendance: 2000 (100.00%) -- Ticket Income $70,000
Level 4 -- Attendance: 3794 (94.85%) -- Ticket Income $94,850
Luxury Box -- Attendance: 923 (92.30%) -- Ticket Income $184,600
Game was played at the Prudential Center.
Total Attendance: 17627 (97.93%)
Total Ticket Income: $1,244,050
Other Income: $186,608
Total Income: $1,430,658

Blackhawks

5 vs 5 Forward 
   Center                   Left Wing                Right Wing               Time % Phy DF OF 
 1 Derek Stepan             Adrian Kempe             Mike Amadio              40     1   2  2  
 2 Erik Haula               Antoine Roussel          Jakob Silfverberg        30     1   2  2  
 3 William Karlsson         Sean Bergenheim          Corey Perry              20     1   2  2  
 4 Nick Bonino              Brett Maclean            James Wright             10     1   2  2  

5 vs 5 Defense 
   Defense                  Defense                                           Time % Phy DF OF 
 1 Radko Gudas              Thomas Chabot                                     40     1   2  2  
 2 PK Subban                Jakob Chychrun                                    30     1   2  2  
 3 Nikita Zaitsev           Robert Hagg                                       20     1   2  2  
 4 PK Subban                Thomas Chabot                                     10     1   2  2  

PowerPlay Forward 
   Center                   Left Wing                Right Wing               Time % Phy DF OF 
 1 Derek Stepan             Adrian Kempe             Jakob Silfverberg        60     1   2  2  
 2 Erik Haula               Antoine Roussel          Corey Perry              40     1   2  2  

PowerPlay Defense
   Defense                  Defense                                           Time % Phy DF OF 
 1 PK Subban                Thomas Chabot                                     60     1   2  2  
 2 Radko Gudas              Jakob Chychrun                                    40     1   2  2  

Penalty Kill 4 Players Forward 
   Center                   Wing                     Time % Phy DF OF 
 1 Erik Haula               Mike Amadio              60     1   2  2  
 2 William Karlsson         Antoine Roussel          40     1   2  2  

Penalty Kill 4 Players Defense
   Defense                  Defense                  Time % Phy DF OF 
 1 PK Subban                Nikita Zaitsev           60     1   2  2  
 2 Robert Hagg              Radko Gudas              40     1   2  2  

Penalty Kill - 3 Players Forward 
   Forward                                           Time % Phy DF OF 
 1 Erik Haula                                        60     1   2  2  
 2 Mike Amadio                                       40     1   2  2  

Penalty Kill - 3 Players Defense
   Defense                  Defense                  Time % Phy DF OF 
 1 PK Subban                Nikita Zaitsev           60     1   2  2  
 2 Robert Hagg              Radko Gudas              40     1   2  2  

4 vs 4 Forward 
   Center                   Wing                     Time % Phy DF OF 
 1 Jakob Silfverberg        Antoine Roussel          60     1   2  2  
 2 Derek Stepan             Erik Haula               40     1   2  2  

4 vs 4 Defense
   Defense                  Defense                  Time % Phy DF OF 
 1 PK Subban                Nikita Zaitsev           60     1   2  2  
 2 Robert Hagg              Radko Gudas              40     1   2  2  

Last Minutes Offensive
   Center                   Left Wing                Right Wing               Defense                  Defense                  
   Derek Stepan             Antoine Roussel          Jakob Silfverberg        PK Subban                Nikita Zaitsev           

Last Minutes Defensive
   Center                   Left Wing                Right Wing               Defense                  Defense                  
   Derek Stepan             Antoine Roussel          Jakob Silfverberg        PK Subban                Nikita Zaitsev           

Goaltenders
Starting : Joe Cannata              
Backup : Ilya Samsonov            

Extra Forwards
Normal : James Wright, William Karlsson, Adrian Kempe - PP : James Wright, William Karlsson - PK : Adrian Kempe
Extra Defensemen
Normal : Thomas Chabot, Jakob Chychrun, Radko Gudas - PP : Thomas Chabot - PK : Radko Gudas, Robert Hagg
Penalty Shots
Jakob Silfverberg, Antoine Roussel, Derek Stepan, Erik Haula, Sean Bergenheim
Custom OT Lines Forwards
Jakob Silfverberg, Antoine Roussel, Derek Stepan, Erik Haula, Sean Bergenheim, Corey Perry, William Karlsson, Adrian Kempe, Mike Amadio, Nick Bonino
Custom OT Lines Defensemen
PK Subban, Nikita Zaitsev, Robert Hagg, Radko Gudas, Thomas Chabot

Scratches
Calvin de Haan (Healthy), Stefan Matteau (Healthy)

Devils

5 vs 5 Forward 
   Center                   Left Wing                Right Wing               Time % Phy DF OF 
 1 Nazem Kadri              Tyler Ennis              Nick Palmieri            35     0   2  3  
 2 Sean Monahan             Jonathan Huberdeau       Logan Shaw               30     0   2  3  
 3 Brayden Point            Sven Baertschi           Ondrej Kase              25     0   2  3  
 4 Anton Lander             Eric Tangradi            Nail Yakupov             10     0   2  3  

5 vs 5 Defense 
   Defense                  Defense                                           Time % Phy DF OF 
 1 Anton Stralman           Kristopher Letang                                 38     1   3  1  
 2 Brandon Carlo            Damon Severson                                    32     1   3  1  
 3 Matt Donovan             Thomas Hickey                                     30     1   3  1  
 4 Brandon Carlo            Kristopher Letang                                 0      1   3  1  

PowerPlay Forward 
   Center                   Left Wing                Right Wing               Time % Phy DF OF 
 1 Nazem Kadri              Tyler Ennis              Brayden Point            60     0   0  5  
 2 Sean Monahan             Jonathan Huberdeau       Ondrej Kase              40     0   0  5  

PowerPlay Defense
   Defense                  Defense                                           Time % Phy DF OF 
 1 Damon Severson           Kristopher Letang                                 60     0   2  3  
 2 Thomas Hickey            Matt Donovan                                      40     0   2  3  

Penalty Kill 4 Players Forward 
   Center                   Wing                     Time % Phy DF OF 
 1 Anton Lander             Eric Tangradi            60     1   3  1  
 2 Nazem Kadri              Tyler Ennis              40     1   3  1  

Penalty Kill 4 Players Defense
   Defense                  Defense                  Time % Phy DF OF 
 1 Brandon Carlo            Anton Stralman           60     1   4  0  
 2 Matt Donovan             Thomas Hickey            40     1   4  0  

Penalty Kill - 3 Players Forward 
   Forward                                           Time % Phy DF OF 
 1 Nazem Kadri                                       60     0   4  1  
 2 Sean Monahan                                      40     0   4  1  

Penalty Kill - 3 Players Defense
   Defense                  Defense                  Time % Phy DF OF 
 1 Brandon Carlo            Anton Stralman           60     1   4  0  
 2 Matt Donovan             Kristopher Letang        40     1   4  0  

4 vs 4 Forward 
   Center                   Wing                     Time % Phy DF OF 
 1 Nazem Kadri              Tyler Ennis              60     0   2  3  
 2 Sean Monahan             Jonathan Huberdeau       40     0   2  3  

4 vs 4 Defense
   Defense                  Defense                  Time % Phy DF OF 
 1 Anton Stralman           Kristopher Letang        60     0   3  2  
 2 Brandon Carlo            Damon Severson           40     0   3  2  

Last Minutes Offensive
   Center                   Left Wing                Right Wing               Defense                  Defense                  
   Nazem Kadri              Tyler Ennis              Nick Palmieri            Brandon Carlo            Kristopher Letang        

Last Minutes Defensive
   Center                   Left Wing                Right Wing               Defense                  Defense                  
   Nazem Kadri              Tyler Ennis              Nick Palmieri            Brandon Carlo            Kristopher Letang        

Goaltenders
Starting : Thomas McCollum          
Backup : Jonathan Quick           

Extra Forwards
Normal : Brayden Point, Nail Yakupov, Logan Shaw - PP : Nail Yakupov, Nick Palmieri - PK : Nick Palmieri
Extra Defensemen
Normal : Anton Stralman, Brandon Carlo, Damon Severson - PP : Anton Stralman - PK : Anton Stralman, Thomas Hickey
Penalty Shots
Tyler Ennis, Sean Monahan, Nazem Kadri, Brayden Point, Nick Palmieri
Custom OT Lines Forwards
Nazem Kadri, Tyler Ennis, Jonathan Huberdeau, Sean Monahan, Brayden Point, Nick Palmieri, Logan Shaw, Ondrej Kase, Anton Lander, Nail Yakupov
Custom OT Lines Defensemen
Brandon Carlo, Kristopher Letang, Damon Severson, Anton Stralman, Matt Donovan

Scratches
Michael Del Zotto (Suspend), Miikka Salomaki (Healthy), Calvin Pickard (Healthy)

% Time on Ice - Blackhawks

Lines # - Real PCT - Wanted PCT - Time Play
Normal Forward
1 - 36% - 40% - 18:53
2 - 29% - 30% - 15:14
3 - 19% - 20% - 9:48
4 - 15% - 10% - 7:56
Normal Defense
1 - 36% - 40% - 18:48
2 - 30% - 30% - 15:37
3 - 27% - 20% - 13:56
4 - 7% - 10% - 3:30
PP Forward
1 - 52% - 60% - 1:35
2 - 48% - 40% - 1:27
PP Defense
1 - 58% - 60% - 1:46
2 - 42% - 40% - 1:16
PK Forward
1 - 77% - 60% - 3:03
2 - 23% - 40% - 0:55
PK Defense
1 - 60% - 60% - 2:22
2 - 40% - 40% - 1:36
PK3 Forward
1 - 0% - 60%
2 - 0% - 40%
PK3 Defense
1 - 0% - 60%
2 - 0% - 40%
44 Forward
1 - 0% - 60%
2 - 0% - 40%
44 Defense
1 - 0% - 60%
2 - 0% - 40%
Last Minute Offensive  - 1:09
Last Minute Defensive  - 0:00
Total
Forward - 60:00
Defense - 60:00

% Time on Ice - Devils

Lines # - Real PCT - Wanted PCT - Time Play
Normal Forward
1 - 28% - 35% - 14:44
2 - 31% - 30% - 16:10
3 - 22% - 25% - 11:27
4 - 18% - 10% - 9:26
Normal Defense
1 - 37% - 38% - 19:24
2 - 32% - 32% - 16:32
3 - 31% - 30% - 15:51
4 - 0% - 0% - 0:00
PP Forward
1 - 53% - 60% - 2:07
2 - 47% - 40% - 1:51
PP Defense
1 - 58% - 60% - 2:17
2 - 42% - 40% - 1:41
PK Forward
1 - 83% - 60% - 2:31
2 - 17% - 40% - 0:31
PK Defense
1 - 66% - 60% - 2:00
2 - 34% - 40% - 1:02
PK3 Forward
1 - 0% - 60%
2 - 0% - 40%
PK3 Defense
1 - 0% - 60%
2 - 0% - 40%
44 Forward
1 - 0% - 60%
2 - 0% - 40%
44 Defense
1 - 0% - 60%
2 - 0% - 40%
Last Minute Offensive  - 0:00
Last Minute Defensive  - 1:13
Total
Forward - 60:00
Defense - 60:00

Play-by-Play

1st period


0:01 of 1st period - Derek Stepan wins face-off versus Nazem Kadri in neutral zone.
0:14 of 1st period - Mike Amadio is hit by Nick Palmieri and loses puck.
0:27 of 1st period - Jonathan Huberdeau is hit by Antoine Roussel and loses puck.
0:35 of 1st period - Off-side.
0:36 of 1st period - Brayden Point wins face-off versus William Karlsson in neutral zone.
1:03 of 1st period - Eric Tangradi is hit by Jakob Chychrun and loses puck.
1:55 of 1st period - Radko Gudas is hit by Kristopher Letang and loses puck.
2:12 of 1st period - Snap shot by Brayden Point.
2:12 of 1st period - Stopped by Joe Cannata without a rebound.
2:13 of 1st period - William Karlsson wins face-off versus Brayden Point in Blackhawks zone.
3:05 of 1st period - Anton Stralman is hit by Antoine Roussel and loses puck.
3:16 of 1st period - Slapshot by Logan Shaw.
3:16 of 1st period - Stopped by Joe Cannata with a rebound.
4:04 of 1st period - Radko Gudas is hit by Sven Baertschi and loses puck.
4:50 of 1st period - Off-side.
4:51 of 1st period - Anton Lander wins face-off versus Sean Bergenheim in neutral zone.
5:00 of 1st period - Wrist shot by Eric Tangradi.
5:00 of 1st period - Stopped by Joe Cannata with a rebound.
5:22 of 1st period - Slapshot by Nazem Kadri.
5:22 of 1st period - Stopped by Joe Cannata with a rebound.
5:24 of 1st period - Slapshot by Tyler Ennis.
5:24 of 1st period - Goal by Tyler Ennis - Blackhawks : 0 - Devils : 1.
5:25 of 1st period - Nazem Kadri wins face-off versus Erik Haula in neutral zone.
5:36 of 1st period - Wrist shot by Nazem Kadri.
5:36 of 1st period - Deflect By Nick Palmieri.
5:36 of 1st period - Goal by Nick Palmieri - Blackhawks : 0 - Devils : 2.
5:37 of 1st period - Derek Stepan wins face-off versus Sean Monahan in neutral zone.
6:03 of 1st period - Derek Stepan is hit by Ondrej Kase and loses puck.
6:40 of 1st period - Snap shot by Brayden Point.
6:40 of 1st period - Goal by Brayden Point - Blackhawks : 0 - Devils : 3.
6:41 of 1st period - Erik Haula wins face-off versus Nazem Kadri in neutral zone.
7:08 of 1st period - Erik Haula is hit by Kristopher Letang and loses puck.
7:31 of 1st period - Snap shot by Antoine Roussel.
7:31 of 1st period - Stopped by Thomas McCollum without a rebound.
7:32 of 1st period - Sean Monahan wins face-off versus Derek Stepan in Devils zone.
7:45 of 1st period - Wrist shot by Adrian Kempe.
7:45 of 1st period - Stopped by Thomas McCollum with a rebound.
7:59 of 1st period - Nazem Kadri is hit by Sean Bergenheim and loses puck.
8:30 of 1st period - Wrist shot by Brett Maclean.
8:30 of 1st period - Shot Misses the Net.
8:48 of 1st period - Snap shot by Anton Lander.
8:48 of 1st period - Stopped by Joe Cannata without a rebound.
8:49 of 1st period - Erik Haula wins face-off versus Sean Monahan in Blackhawks zone.
9:27 of 1st period - Wrist shot by Nazem Kadri.
9:27 of 1st period - Shot Misses the Net.
9:48 of 1st period - Nick Bonino is hit by Nazem Kadri and loses puck.
10:21 of 1st period - Slapshot by Nazem Kadri.
10:21 of 1st period - Stopped by Joe Cannata with a rebound.
10:25 of 1st period - Snap shot by Tyler Ennis.
10:25 of 1st period - Stopped by Joe Cannata without a rebound.
10:26 of 1st period - Erik Haula wins face-off versus Sean Monahan in Blackhawks zone.
10:37 of 1st period - Sean Monahan is hit by Jakob Silfverberg and loses puck.
10:56 of 1st period - Snap shot by Logan Shaw.
10:56 of 1st period - Stopped by Joe Cannata with a rebound.
11:22 of 1st period - Brayden Point is hit by Derek Stepan and loses puck.
11:47 of 1st period - Snap shot by Nail Yakupov.
11:47 of 1st period - Shot Misses the Net.
11:49 of 1st period - Slapshot by Anton Stralman.
11:49 of 1st period - Stopped by Joe Cannata with a rebound.
12:11 of 1st period - Radko Gudas is hit by Nick Palmieri and loses puck.
12:44 of 1st period - Snap shot by Mike Amadio.
12:44 of 1st period - Shot Blocked by Eric Tangradi.
13:20 of 1st period - Snap shot by Sean Bergenheim.
13:20 of 1st period - Stopped by Thomas McCollum without a rebound.
13:21 of 1st period - Sean Monahan wins face-off versus William Karlsson in Devils zone.
13:31 of 1st period - Icing by Jakob Chychrun.
13:32 of 1st period - Nazem Kadri wins face-off versus William Karlsson in Blackhawks zone.
13:41 of 1st period - Snap shot by Corey Perry.
13:41 of 1st period - Stopped by Thomas McCollum without a rebound.
13:42 of 1st period - Erik Haula wins face-off versus Nazem Kadri in Devils zone.
14:37 of 1st period - Wrist shot by Brayden Point.
14:37 of 1st period - Stopped by Joe Cannata without a rebound.
14:38 of 1st period - Erik Haula wins face-off versus Nick Palmieri in Blackhawks zone.
15:12 of 1st period - Off-side.
15:13 of 1st period - Derek Stepan wins face-off versus Nazem Kadri in neutral zone.
15:22 of 1st period - Snap shot by Mike Amadio.
15:22 of 1st period - Shot Blocked by Matt Donovan.
15:28 of 1st period - Adrian Kempe is hit by Matt Donovan and loses puck.
16:04 of 1st period - Wrist shot by Brayden Point.
16:04 of 1st period - Shot Misses the Net.
16:32 of 1st period - Snap shot by Nick Bonino.
16:32 of 1st period - Stopped by Thomas McCollum with a rebound.
16:34 of 1st period - Slapshot by PK Subban.
16:34 of 1st period - Shot Misses the Net.
16:44 of 1st period - Nail Yakupov is hit by Erik Haula and loses puck.
17:05 of 1st period - Nazem Kadri is hit by Mike Amadio and loses puck.
17:25 of 1st period - Thomas Chabot is hit by Logan Shaw and loses puck.
17:32 of 1st period - Logan Shaw is hit by William Karlsson and loses puck.
17:45 of 1st period - Damon Severson is hit by PK Subban and loses puck.
17:50 of 1st period - Backhand shot by Antoine Roussel.
17:50 of 1st period - Stopped by Thomas McCollum without a rebound.
17:51 of 1st period - Erik Haula wins face-off versus Nazem Kadri in Devils zone.
17:58 of 1st period - Snap shot by Antoine Roussel.
17:58 of 1st period - Stopped by Thomas McCollum with a rebound.
18:00 of 1st period - Slapshot by Robert Hagg.
18:00 of 1st period - Shot Misses the Net.
18:18 of 1st period - Derek Stepan is hit by Sven Baertschi and loses puck.
19:21 of 1st period - Antoine Roussel is hit by Nick Palmieri and loses puck.
19:47 of 1st period - Slapshot by Radko Gudas.
19:47 of 1st period - Deflect By Derek Stepan.
19:47 of 1st period - Stopped by Thomas McCollum without a rebound.
19:48 of 1st period - Adrian Kempe wins face-off versus Brayden Point in Devils zone.
19:51 of 1st period - Wrist shot by Derek Stepan.
19:51 of 1st period - Shot Misses the Net.
Goals for this period are 0 for Blackhawks vs 3 for Devils.
Shots for this period are 8 for Blackhawks vs 13 for Devils.

2nd period


0:01 of 2nd period - Sean Monahan wins face-off versus Adrian Kempe in neutral zone.
0:13 of 2nd period - Icing by Anton Stralman.
0:14 of 2nd period - Derek Stepan wins face-off versus Sean Monahan in Devils zone.
0:19 of 2nd period - Slapshot by Derek Stepan.
0:19 of 2nd period - Stopped by Thomas McCollum with a rebound.
0:21 of 2nd period - Wrist shot by Adrian Kempe.
0:21 of 2nd period - Shot Misses the Net.
0:23 of 2nd period - Snap shot by Adrian Kempe.
0:23 of 2nd period - Shot Misses the Net.
0:25 of 2nd period - Wrist shot by Adrian Kempe.
0:25 of 2nd period - Stopped by Thomas McCollum with a rebound.
0:27 of 2nd period - Slapshot by Thomas Chabot.
0:27 of 2nd period - Stopped by Thomas McCollum without a rebound.
0:28 of 2nd period - Nazem Kadri wins face-off versus Mike Amadio in Devils zone.
0:41 of 2nd period - Backhand shot by Tyler Ennis.
0:41 of 2nd period - Shot Blocked by Derek Stepan.
0:55 of 2nd period - Anton Stralman is hit by William Karlsson and loses puck.
1:22 of 2nd period - Snap shot by Sean Monahan.
1:22 of 2nd period - Shot Blocked by Erik Haula.
1:44 of 2nd period - Snap shot by Adrian Kempe.
1:44 of 2nd period - Stopped by Thomas McCollum with a rebound.
1:46 of 2nd period - Backhand shot by Adrian Kempe.
1:46 of 2nd period - Shot Blocked by Brandon Carlo.
2:13 of 2nd period - Tyler Ennis is hit by James Wright and loses puck.
3:15 of 2nd period - Eric Tangradi is hit by PK Subban and loses puck.
4:11 of 2nd period - Snap shot by Nazem Kadri.
4:11 of 2nd period - Shot Misses the Net.
4:43 of 2nd period - Snap shot by Nazem Kadri.
4:43 of 2nd period - Deflect By Nick Palmieri.
4:43 of 2nd period - Stopped by Joe Cannata with a rebound.
4:53 of 2nd period - Wrist shot by Adrian Kempe.
4:53 of 2nd period - Shot Blocked by Tyler Ennis.
5:01 of 2nd period - Slapshot by Derek Stepan.
5:01 of 2nd period - Stopped by Thomas McCollum with a rebound.
5:03 of 2nd period - Slapshot by Thomas Chabot.
5:03 of 2nd period - Stopped by Thomas McCollum with a rebound.
5:05 of 2nd period - Slapshot by Thomas Chabot.
5:05 of 2nd period - Stopped by Thomas McCollum without a rebound.
5:06 of 2nd period - Erik Haula wins face-off versus Sean Monahan in Devils zone.
5:15 of 2nd period - Slapshot by Anton Stralman.
5:15 of 2nd period - Stopped by Joe Cannata without a rebound.
5:16 of 2nd period - Sean Monahan wins face-off versus Erik Haula in Blackhawks zone.
5:21 of 2nd period - Wrist shot by Logan Shaw.
5:21 of 2nd period - Shot Misses the Net.
5:35 of 2nd period - Slapshot by Logan Shaw.
5:35 of 2nd period - Stopped by Joe Cannata with a rebound.
5:37 of 2nd period - Snap shot by Jonathan Huberdeau.
5:37 of 2nd period - Shot Misses the Net.
5:39 of 2nd period - Wrist shot by Jonathan Huberdeau.
5:39 of 2nd period - Stopped by Joe Cannata with a rebound.
5:41 of 2nd period - Snap shot by Sean Monahan.
5:41 of 2nd period - Stopped by Joe Cannata with a rebound.
5:45 of 2nd period - Slapshot by Sean Monahan.
5:45 of 2nd period - Stopped by Joe Cannata without a rebound.
5:46 of 2nd period - Brayden Point wins face-off versus William Karlsson in Blackhawks zone.
5:47 of 2nd period - Wrist shot by Ondrej Kase.
5:47 of 2nd period - Stopped by Joe Cannata with a rebound.
5:49 of 2nd period - Snap shot by Brayden Point.
5:49 of 2nd period - Shot Blocked by Nikita Zaitsev.
6:12 of 2nd period - Minor Penalty to Nail Yakupov for Hooking.
6:13 of 2nd period - Anton Lander wins face-off versus Derek Stepan in Devils zone.
6:30 of 2nd period - Snap shot by Derek Stepan.
6:30 of 2nd period - Stopped by Thomas McCollum with a rebound.
6:49 of 2nd period - Icing by Radko Gudas.
6:50 of 2nd period - Anton Lander wins face-off versus Erik Haula in Blackhawks zone.
7:01 of 2nd period - Wrist shot by Derek Stepan.
7:01 of 2nd period - Stopped by Thomas McCollum with a rebound.
7:11 of 2nd period - Wrist shot by Derek Stepan.
7:11 of 2nd period - Goal by Derek Stepan - Blackhawks : 1 - Devils : 3.
7:12 of 2nd period - Sven Baertschi wins face-off versus Derek Stepan in neutral zone.
7:28 of 2nd period - Snap shot by Anton Stralman.
7:28 of 2nd period - Stopped by Joe Cannata without a rebound.
7:29 of 2nd period - Sean Monahan wins face-off versus Erik Haula in Blackhawks zone.
7:56 of 2nd period - Radko Gudas is hit by Sven Baertschi and loses puck.
8:47 of 2nd period - James Wright is hit by Nick Palmieri and loses puck.
9:14 of 2nd period - Jonathan Huberdeau is hit by Erik Haula and loses puck.
9:27 of 2nd period - Wrist shot by Brayden Point.
9:27 of 2nd period - Stopped by Joe Cannata with a rebound.
9:29 of 2nd period - Slapshot by Anton Stralman.
9:29 of 2nd period - Stopped by Joe Cannata with a rebound.
9:41 of 2nd period - Minor Penalty to Jakob Chychrun for Holding.
9:42 of 2nd period - Erik Haula wins face-off versus Nazem Kadri in Blackhawks zone.
10:20 of 2nd period - Snap shot by Matt Donovan.
10:20 of 2nd period - Stopped by Joe Cannata without a rebound.
10:21 of 2nd period - William Karlsson wins face-off versus Nazem Kadri in Blackhawks zone.
10:34 of 2nd period - Robert Hagg is hit by Brayden Point and loses puck.
10:57 of 2nd period - Radko Gudas is hit by Tyler Ennis.
11:41 of 2nd period - Penalty to Jakob Chychrun is over, Jakob Chychrun is back on ice.
12:13 of 2nd period - Slapshot by Jakob Chychrun.
12:13 of 2nd period - Shot Misses the Net.
12:31 of 2nd period - Nikita Zaitsev is hit by Anton Lander and loses puck.
12:53 of 2nd period - Off-side.
12:54 of 2nd period - Erik Haula wins face-off versus Nazem Kadri in neutral zone.
14:06 of 2nd period - Wrist shot by Brett Maclean.
14:06 of 2nd period - Stopped by Thomas McCollum without a rebound.
14:07 of 2nd period - Sean Monahan wins face-off versus Erik Haula in Devils zone.
14:07 of 2nd period - Sean Monahan is hit by Jakob Silfverberg.
14:13 of 2nd period - Antoine Roussel is hit by Sean Monahan.
15:13 of 2nd period - Nikita Zaitsev is hit by Brandon Carlo and loses puck.
16:03 of 2nd period - Snap shot by William Karlsson.
16:03 of 2nd period - Stopped by Thomas McCollum with a rebound.
16:05 of 2nd period - Slapshot by Corey Perry.
16:05 of 2nd period - Shot Misses the Net.
16:07 of 2nd period - Wrist shot by Corey Perry.
16:07 of 2nd period - Shot Misses the Net.
16:09 of 2nd period - Snap shot by William Karlsson.
16:09 of 2nd period - Stopped by Thomas McCollum with a rebound.
16:41 of 2nd period - Snap shot by Brett Maclean.
16:41 of 2nd period - Shot Misses the Net.
16:43 of 2nd period - Snap shot by Nick Bonino.
16:43 of 2nd period - Stopped by Thomas McCollum without a rebound.
16:44 of 2nd period - William Karlsson wins face-off versus Nazem Kadri in Devils zone.
16:47 of 2nd period - Snap shot by Corey Perry.
16:47 of 2nd period - Shot Blocked by Damon Severson.
16:59 of 2nd period - Jakob Chychrun is hit by Damon Severson.
17:33 of 2nd period - Anton Stralman is hit by PK Subban and loses puck.
18:00 of 2nd period - Snap shot by Anton Lander.
18:00 of 2nd period - Shot Hit the Post.
18:06 of 2nd period - Anton Lander is hit by Brett Maclean.
18:28 of 2nd period - Nick Palmieri is hit by Corey Perry and loses puck.
19:44 of 2nd period - Tyler Ennis is hit by Adrian Kempe and loses puck.
Goals for this period are 1 for Blackhawks vs 0 for Devils.
Shots for this period are 14 for Blackhawks vs 11 for Devils.

3rd period


0:01 of 3rd period - Sean Monahan wins face-off versus Derek Stepan in neutral zone.
2:45 of 3rd period - Backhand shot by Logan Shaw.
2:45 of 3rd period - Deflect By Sean Monahan.
2:45 of 3rd period - Shot Hit the Post.
2:45 of 3rd period - Puck is out of play.
2:46 of 3rd period - Erik Haula wins face-off versus Sean Monahan in Blackhawks zone.
2:50 of 3rd period - Icing by Radko Gudas.
2:51 of 3rd period - Nazem Kadri wins face-off versus Erik Haula in Blackhawks zone.
3:07 of 3rd period - Antoine Roussel is hit by Thomas Hickey and loses puck.
3:15 of 3rd period - Slapshot by Erik Haula.
3:15 of 3rd period - Deflect By Jakob Silfverberg.
3:15 of 3rd period - Stopped by Thomas McCollum without a rebound.
3:16 of 3rd period - Sean Monahan wins face-off versus Derek Stepan in Devils zone.
3:20 of 3rd period - Off-side.
3:21 of 3rd period - Derek Stepan wins face-off versus Sean Monahan in neutral zone.
3:31 of 3rd period - Off-side.
3:32 of 3rd period - Nazem Kadri wins face-off versus Derek Stepan in neutral zone.
3:59 of 3rd period - Derek Stepan is hit by Brayden Point and loses puck.
4:08 of 3rd period - Slapshot by Ondrej Kase.
4:08 of 3rd period - Deflect By Derek Stepan.
4:08 of 3rd period - Shot Hit the Post.
4:08 of 3rd period - Puck is out of play.
4:09 of 3rd period - Logan Shaw wins face-off versus Erik Haula in Blackhawks zone.
4:23 of 3rd period - Minor Penalty to Antoine Roussel for Holding.
4:24 of 3rd period - Nazem Kadri wins face-off versus Erik Haula in Blackhawks zone.
5:06 of 3rd period - Brayden Point is hit by Adrian Kempe.
6:23 of 3rd period - Penalty to Antoine Roussel is over, Antoine Roussel is back on ice.
6:45 of 3rd period - Brett Maclean is hit by Damon Severson and loses puck.
6:56 of 3rd period - Wrist shot by William Karlsson.
6:56 of 3rd period - Deflect By Corey Perry.
6:56 of 3rd period - Stopped by Thomas McCollum without a rebound.
6:57 of 3rd period - William Karlsson wins face-off versus Tyler Ennis in Devils zone.
6:58 of 3rd period - Snap shot by Sean Bergenheim.
6:58 of 3rd period - Shot Blocked by Thomas Hickey.
7:26 of 3rd period - Minor Penalty to Eric Tangradi for Hooking.
7:27 of 3rd period - Jakob Silfverberg wins face-off versus Anton Lander in Devils zone.
7:28 of 3rd period - Snap shot by Derek Stepan.
7:28 of 3rd period - Deflect By Adrian Kempe.
7:28 of 3rd period - Stopped by Thomas McCollum with a rebound.
7:30 of 3rd period - Snap shot by Adrian Kempe.
7:30 of 3rd period - Goal by Adrian Kempe - Blackhawks : 2 - Devils : 3.
7:31 of 3rd period - Nazem Kadri wins face-off versus Derek Stepan in neutral zone.
7:38 of 3rd period - Minor Penalty to Nick Palmieri for Holding.
7:39 of 3rd period - Derek Stepan wins face-off versus Eric Tangradi in Devils zone.
8:23 of 3rd period - Off-side.
8:24 of 3rd period - Derek Stepan wins face-off versus Eric Tangradi in neutral zone.
8:29 of 3rd period - Matt Donovan is hit by Adrian Kempe and loses puck.
8:50 of 3rd period - Thomas Hickey is hit by Radko Gudas and loses puck.
9:22 of 3rd period - Corey Perry is hit by Brayden Point and loses puck.
9:38 of 3rd period - Penalty to Nick Palmieri is over, Nick Palmieri is back on ice.
9:39 of 3rd period - Erik Haula is hit by Anton Stralman and loses puck.
10:09 of 3rd period - Anton Stralman is hit by Erik Haula and loses puck.
10:32 of 3rd period - Thomas Hickey is hit by Jakob Chychrun.
11:08 of 3rd period - Antoine Roussel is hit by Nazem Kadri and loses puck.
11:15 of 3rd period - Wrist shot by Tyler Ennis.
11:15 of 3rd period - Shot Misses the Net.
11:31 of 3rd period - Damon Severson is hit by Antoine Roussel and loses puck.
11:40 of 3rd period - Slapshot by Tyler Ennis.
11:40 of 3rd period - Stopped by Joe Cannata with a rebound.
11:42 of 3rd period - Snap shot by Nick Palmieri.
11:42 of 3rd period - Shot Blocked by Antoine Roussel.
11:44 of 3rd period - Wrist shot by Nick Palmieri.
11:44 of 3rd period - Stopped by Joe Cannata with a rebound.
11:46 of 3rd period - Snap shot by Tyler Ennis.
11:46 of 3rd period - Shot Misses the Net.
11:48 of 3rd period - Snap shot by Nick Palmieri.
11:48 of 3rd period - Stopped by Joe Cannata without a rebound.
11:49 of 3rd period - Brayden Point wins face-off versus Derek Stepan in Blackhawks zone.
12:21 of 3rd period - Brett Maclean is hit by Jonathan Huberdeau.
13:16 of 3rd period - Thomas Chabot is hit by Nail Yakupov and loses puck.
13:54 of 3rd period - Icing by Mike Amadio.
13:55 of 3rd period - William Karlsson wins face-off versus Sean Monahan in Blackhawks zone.
15:06 of 3rd period - Slapshot by Nail Yakupov.
15:06 of 3rd period - Shot Blocked by Derek Stepan.
15:09 of 3rd period - Icing by Thomas Chabot.
15:10 of 3rd period - Derek Stepan wins face-off versus Brayden Point in Blackhawks zone.
15:10 of 3rd period - Derek Stepan is hit by Ondrej Kase.
15:40 of 3rd period - Slapshot by Thomas Hickey.
15:40 of 3rd period - Stopped by Joe Cannata without a rebound.
15:41 of 3rd period - Brayden Point wins face-off versus Adrian Kempe in Blackhawks zone.
16:08 of 3rd period - Adrian Kempe is hit by Tyler Ennis and loses puck.
16:33 of 3rd period - Wrist shot by Logan Shaw.
16:33 of 3rd period - Shot Misses the Net.
17:39 of 3rd period - Sean Monahan is hit by Thomas Chabot and loses puck.
18:09 of 3rd period - Snap shot by Brayden Point.
18:09 of 3rd period - Shot Misses the Net.
18:19 of 3rd period - Jakob Chychrun is hit by Kristopher Letang and loses puck.
18:59 of 3rd period - Slapshot by Tyler Ennis.
18:59 of 3rd period - Shot Blocked by Radko Gudas.
19:17 of 3rd period - Snap shot by Tyler Ennis.
19:17 of 3rd period - Stopped by Joe Cannata without a rebound.
19:18 of 3rd period - Jon Cooper call a timeout for Blackhawks.
19:18 of 3rd period - Nazem Kadri wins face-off versus Derek Stepan in Blackhawks zone.
19:31 of 3rd period - Blackhawks, Joe Cannata is pulled from the net.
19:55 of 3rd period - Snap shot by Nazem Kadri.
19:55 of 3rd period - Deflect By Nick Palmieri.
19:55 of 3rd period - Shot Misses the Net.
19:55 of 3rd period - Puck is out of play.
19:56 of 3rd period - Joe Cannata from Blackhawks was sent back in the game.
19:56 of 3rd period - Antoine Roussel wins face-off versus Nazem Kadri in Blackhawks zone.
Goals for this period are 1 for Blackhawks vs 0 for Devils.
Shots for this period are 4 for Blackhawks vs 5 for Devils.